 Dungeon Crawl Stone Soup version 0.27-a0-681-g0c81a3c1c3 (webtiles) character file.

Game seed: 4750224291416913310

3829 robertstho the Frost Mage (level 10, 0/74 HPs)
             Began as a Gnoll Ice Elementalist on Mar 19, 2021.
             Was a Believer of Sif Muna.
             Slain by an orc warrior
             ... wielding a +0 war axe
              (4 damage)
             ... on level 8 of the Dungeon.
             The game lasted 00:22:42 (11677 turns).

robertstho the Frost Mage (Gnoll Ice Elementalist) Turns: 11677, Time: 00:22:43

Health: 0/74       AC: 13    Str:  8    XL:     10   Next: 17%
Magic:  14/20      EV: 17    Int: 18    God:    Sif Muna [**....]
Gold:   666        SH:  5    Dex: 22    Spells: 8/23 levels left

rFire    . . .     SeeInvis .   r - +9 falchion of Sudden Death {freeze, +Rage Dex+4}
rCold    . . .     Faith    .   (no shield)
rNeg     . . .     Spirit   .   a - +0 robe
rPois    .         Reflect  +   (no helmet)
rElec    .         Harm     .   t - +0 cloak
rCorr    .         Rampage  .   n - +0 pair of gloves
Will     .....                  y - +0 pair of boots
Stlth    ++++......             o - amulet of reflection
HPRegen  0.22/turn              b - +6 ring of dexterity
MPRegen  0.17/turn              (no ring)

@: ice-armoured, frozen ramparts
A: fangs 1, strong nose, distributed training
a: Renounce Religion, Evoke Berserk Rage, Channel Magic


You were on level 8 of the Dungeon.
You worshipped Sif Muna.
Sif Muna was pleased with you.
You visited 2 branches of the dungeon, and saw 9 of its levels.
You also visited: Ossuary.

You collected 843 gold pieces.
You spent 177 gold pieces at shops.

Inventory:

Hand Weapons
 h - a +0 war axe of flaming
 r - the +9 falchion of Sudden Death (weapon) {freeze, +Rage Dex+4}
   (You found it on level 6 of the Dungeon)

   It has been specially enchanted to freeze those struck by it, causing extra
   injury to most foes and up to half again as much damage against particularly
   susceptible opponents.
   It can also slow down cold-blooded creatures.
   It affects your dexterity (+4).
   It lets you go berserk.
 v - the +2 short sword of Chance {elec, Dex+6}
   (You found it on level 7 of the Dungeon)

   Occasionally, upon striking a foe, it can discharge electrical energy and
   cause terrible harm.
   It affects your dexterity (+6).
Armour
 a - a +0 robe (worn)
 l - +0 acid dragon scales
 n - a +0 pair of gloves (worn)
 t - a +0 cloak (worn)
 y - a +0 pair of boots (worn)
 E - the +1 robe of Context {rN+}
   (You found it on level 7 of the Dungeon)

   It protects you from negative energy.
Jewellery
 b - a +6 ring of dexterity (right hand)
 e - an amulet of regeneration
 o - an amulet of reflection (around neck)
Wands
 B - a wand of iceblast (6)
Scrolls
 c - 4 scrolls of immolation
 f - a scroll of enchant armour {unknown}
 g - 4 scrolls of fear
 i - a scroll of blinking {unknown}
 k - a scroll of enchant weapon {unknown}
 q - 2 scrolls of fog {unknown}
 u - 3 scrolls of magic mapping
 D - 2 scrolls of teleportation
Potions
 d - 4 potions of resistance
 j - 3 potions of cancellation
 m - 2 potions of haste
 p - 2 potions of flight
 s - 2 potions of ambrosia
 w - 2 potions of lignification
 x - a potion of magic
 z - 3 potions of curing
 A - a potion of heal wounds


   Skills:
 + Level 5.0 Fighting
 + Level 5.0 Short Blades
 + Level 5.0 Long Blades
 + Level 5.0 Axes
 + Level 5.0 Maces & Flails
 + Level 5.0 Polearms
 + Level 5.0 Staves
 + Level 5.0 Slings
 + Level 5.0 Bows
 + Level 5.0 Crossbows
 + Level 5.0 Throwing
 + Level 5.0 Armour
 + Level 6.9 Dodging
 + Level 6.6 Stealth
 + Level 5.0 Shields
 + Level 5.0 Unarmed Combat
 + Level 7.2 Spellcasting
 + Level 4.1 Conjurations
 + Level 4.1 Hexes
 + Level 4.1 Summonings
 + Level 4.1 Necromancy
 + Level 4.1 Translocations
 + Level 4.1 Transmutations
 + Level 4.1 Fire Magic
 + Level 8.3 Ice Magic
 + Level 4.1 Air Magic
 + Level 4.1 Earth Magic
 + Level 4.1 Poison Magic
 + Level 5.5 Invocations
 + Level 5.0 Evocations


You had 8 spell levels left.
You knew the following spells:

 Your Spells              Type           Power      Damage    Failure   Level
a - Freeze                Ice            100%       1d11      1%          1
b - Frozen Ramparts       Ice            72%        1d9       1%          3
c - Ozocubu's Armour      Ice            36%        N/A       1%          3
d - Hailstorm             Conj/Ice       28%        3d8       9%          4
e - Summon Ice Beast      Ice/Summ       28%        N/A       9%          4

Your spell library contained the following spells:

 Spells                   Type           Power      Damage    Failure   Level
 Confusing Touch          Hex            21%        N/A       6%          3
 Gell's Gravitas          Tloc           10%        N/A       6%          3
 Petrify                  Tmut/Erth      21%        N/A       19%         4
 Metabolic Englaciation   Hex/Ice        14%        N/A       22%         5
 Yara's Violent Unravell  Hex/Tmut       10%        3d6       47%         5


Dungeon Overview and Level Annotations

Branches:
Dungeon (8/15)             Temple (1/1) D:4         Ossuary (visited)
   Lair: D:8-11

Altars:
Ashenzari
Cheibriados
Dithmenos
Elyvilon
Fedhas
Gozag
Hepliaklqana
Kikubaaqudgha
Makhleb
Nemelex Xobeh
Okawaru
Qazlal
Ru
Sif Muna
Trog
Uskayaw
Vehumet
Wu Jian
Xom
Yredelemnul
Zin
The Shining One

Shops:
D:1 [(((!   D:4 :   D:6 ?

Annotations:
D:5 3 runed translucent doors, krigyl's ghost, amateur TrDe


Innate Abilities, Weirdness & Mutations

You have very sharp teeth.
Your uncanny sense of smell can sniff out nearby items.
Your experience applies equally to all skills.


Message History

You hit the orc warrior. You freeze the orc warrior.
The orc warrior is lightly wounded.
The orc warrior misses you.
You closely miss the orc warrior.
The orc warrior is lightly wounded.
The orc warrior barely misses you.
An orc priest comes into view. It is wielding a +0 hand axe.
You completely miss the orc warrior.
The orc warrior is lightly wounded.
The orc warrior hits you with a +0 war axe!
You hit the orc warrior. You freeze the orc warrior.
The orc warrior is moderately wounded.
An orc comes into view.
You hit the orc warrior. You freeze the orc warrior.
The orc warrior is heavily wounded.
The orc warrior hits you with a +0 war axe!!
You block the orc priest's attack.
You hit the orc warrior but do no damage.
The orc warrior is heavily wounded.
The orc warrior barely misses you.
The orc priest mumbles some strange prayers to Beogh against you.
Beogh smites you!
Unknown command.
Casting: Ozocubu's Armour (safe; 1% risk of failure)
Confirm with . or Enter, or press ? or * to list all spells.
Casting: Frozen Ramparts (safe; 1% risk of failure)
Press: ? - help, Dir - look around, f - activate The walls around you are covered in ice.
The wall freezes the orc warrior!
The orc warrior hits you with a +0 war axe!!
* * * LOW HITPOINT WARNING * * *
The wall freezes the orc!
You kill the orc!
Sif Muna accepts your kill.
The wall freezes the orc priest.
You block the orc priest's attack.
Casting: Frozen Ramparts (safe; 1% risk of failure)
Confirm with . or Enter, or press ? or * to list all spells.
A film of ice covers your body!
The wall freezes the orc warrior!
The orc warrior hits you with a +0 war axe.
You die...

##.....#.#:............†...#
#..
#.....#...................#
#..
#.....#########..........##
###
#.######......'..........#
#.# #.######..........# ##.#
#.# #..........# ...# #.#
#.########## #### #.# #.#
#.# #@# #.#...†oo#
#########.####.###
..........# #. ########### #


You could see an orc warrior and an orc priest.

Vanquished Creatures
  Maggie (D:8)
  A wyvern (D:8)
  Menkaure (D:7)
  A sky beast (D:8)
  4 orc warriors
  A black bear (D:8)
  2 necrophages
  An ogre (D:8)
  2 centaurs
  3 bullfrogs
  2 killer bees (D:8)
  8 scorpions
  A water moccasin skeleton (D:6)
  A vampire bat (D:6)
  3 wights (D:7)
  A quasit (D:8)
  A bullfrog zombie (D:6)
  3 centaur zombies (Ossuary)
  2 jellies
  Crazy Yiuf (D:4)
  3 hounds
  2 bullfrog skeletons
  Ijyb (D:4)
  5 worker ants
  9 orc wizards
  3 gnolls (D:2)
  12 adders
  A scorpion zombie (Ossuary)
  2 shadow imps
  An ooze (D:1)
  2 ufetubi
  2 worms
  4 dart slugs
  5 leopard geckos
  31 orcs
  2 ball pythons
  10 giant cockroaches
  8 hobgoblins
  9 jackals
  5 kobolds
  3 quokkas
  18 bats
  5 frilled lizards
  A gnoll zombie (Ossuary)
  5 goblins
  A goblin zombie (Ossuary)
  4 hobgoblin zombies (Ossuary)
  4 kobold zombies (Ossuary)
  4 orc zombies (Ossuary)
  7 rats
209 creatures vanquished.

Vanquished Creatures (collateral kills)
  An orc warrior (D:7)
  4 scorpions (Ossuary)
  2 killer bees (D:8)
  2 wights (D:7)
  A centaur zombie (Ossuary)
  A centaur skeleton (D:7)
  A human zombie (Ossuary)
  An orc priest (D:6)
  3 orc wizards
  3 mummies (Ossuary)
  A scorpion zombie (Ossuary)
  A worm (D:5)
  An adder skeleton (D:8)
  2 orcs (D:7)
  A goblin zombie (Ossuary)
25 creatures vanquished.

Vanquished Creatures (others)
  A scorpion zombie (Ossuary)
  An orc (D:7)
2 creatures vanquished.

Grand Total: 236 creatures vanquished

Notes
Turn   | Place    | Note
-------+----------+-------------------------------------------
     0 | D:1      | robertstho the Gnoll Ice Elementalist began the quest for
                  | the Orb.
     0 | D:1      | Reached XP level 1. HP: 13/13 MP: 6/6
    82 | D:1      | Found Olid's Weapon Emporium.
   258 | D:1      | Found Wutyumoppo's Weapon Boutique.
   282 | D:1      | Reached XP level 2. HP: 20/20 MP: 3/7
   612 | D:1      | Reached XP level 3. HP: 22/25 MP: 2/9
   699 | D:1      | Reached skill level 5 in Spellcasting
   729 | D:1      | Found Doujun's Distillery.
   735 | D:1      | Bought a potion of curing for 39 gold pieces
   920 | D:1      | Found Woafank's Antique Weapon Emporium.
  1015 | D:1      | Found Fuloemo's Antique Armour Shop.
  1140 | D:1      | Learned a level 3 spell: Frozen Ramparts
  1144 | D:1      | Learned a level 3 spell: Ozocubu's Armour
  1360 | D:1      | Reached skill level 1 in Invocations
  1447 | D:2      | Reached skill level 1 in Fighting
  1447 | D:2      | Reached skill level 1 in Short Blades
  1447 | D:2      | Reached skill level 1 in Long Blades
  1447 | D:2      | Reached skill level 1 in Axes
  1447 | D:2      | Reached skill level 1 in Maces & Flails
  1447 | D:2      | Reached skill level 1 in Polearms
  1447 | D:2      | Reached skill level 1 in Staves
  1447 | D:2      | Reached skill level 1 in Slings
  1447 | D:2      | Reached skill level 1 in Bows
  1447 | D:2      | Reached skill level 1 in Crossbows
  1447 | D:2      | Reached skill level 1 in Throwing
  1447 | D:2      | Reached skill level 1 in Armour
  1447 | D:2      | Reached skill level 1 in Shields
  1447 | D:2      | Reached skill level 1 in Unarmed Combat
  1447 | D:2      | Reached skill level 1 in Evocations
  1487 | D:2      | Reached XP level 4. HP: 21/32 MP: 6/11
  2003 | D:2      | Reached skill level 1 in Conjurations
  2003 | D:2      | Reached skill level 1 in Hexes
  2003 | D:2      | Reached skill level 1 in Summonings
  2003 | D:2      | Reached skill level 1 in Necromancy
  2003 | D:2      | Reached skill level 1 in Translocations
  2003 | D:2      | Reached skill level 1 in Transmutations
  2003 | D:2      | Reached skill level 1 in Fire Magic
  2003 | D:2      | Reached skill level 1 in Air Magic
  2003 | D:2      | Reached skill level 1 in Earth Magic
  2003 | D:2      | Reached skill level 1 in Poison Magic
  2671 | D:2      | Reached XP level 5. HP: 37/37 MP: 12/12
  2702 | D:2      | Found a glowing golden altar of the Shining One.
  2702 | D:2      | Found a broken altar of Ashenzari.
  3229 | D:3      | Found a hazy altar of Hepliaklqana.
  3753 | D:3      | Found a snail-covered altar of Cheibriados.
  3927 | D:4      | Found a runed translucent door.
  3928 | D:4      | Noticed Crazy Yiuf
  3992 | D:4      | Reached XP level 6. HP: 33/44 MP: 8/13
  4019 | D:4      | Reached skill level 5 in Dodging
  4317 | D:4      | Found a hide-covered altar of Uskayaw.
  4341 | D:4      | Found Toxo's Book Boutique.
  4363 | D:4      | Found a staircase to the Ecumenical Temple.
  4375 | Temple   | Entered the Ecumenical Temple
  4766 | D:4      | Noticed Ijyb
  4780 | D:4      | Killed Ijyb
  4933 | D:4      | Killed Crazy Yiuf
  5202 | D:5      | Entered Level 5 of the Dungeon
  5235 | D:5      | Found a runed translucent gate.
  5235 | D:5      | Found a runed translucent gate.
  5237 | D:5      | Found a runed translucent gate.
  5237 | D:5      | Noticed krigyl's ghost (amateur TrDe)
  5282 | D:5      | Reached XP level 7. HP: 38/50 MP: 11/15
  5313 | D:5      | Found a sand-covered staircase.
  5349 | Ossuary  | Entered an ossuary
  5355 | Ossuary  | Learned a level 4 spell: Hailstorm
  5360 | Ossuary  | Learned a level 4 spell: Summon Ice Beast
  5983 | Ossuary  | Reached skill level 5 in Stealth
  6221 | Ossuary  | Reached XP level 8. HP: 23/57 MP: 2/16
  7805 | D:6      | Found Runiewn's Magic Scroll Shoppe.
  7916 | D:6      | Bought a scroll of noise for 12 gold pieces
  7916 | D:6      | Bought a scroll of immolation for 42 gold pieces
  7916 | D:6      | Bought a scroll of magic mapping for 42 gold pieces
  7916 | D:6      | Bought a scroll of amnesia for 42 gold pieces
  7994 | D:6      | Identified the +9 falchion of Sudden Death {freeze, +Rage
                  | Dex+4}
  8246 | D:6      | Found a shimmering blue altar of Sif Muna.
  8255 | D:6      | Became a worshipper of Sif Muna the Loreminder
  8605 | D:7      | Reached XP level 9. HP: 43/65 MP: 7/18
  8844 | D:7      | Noticed Menkaure
  8850 | D:7      | Killed Menkaure
  8852 | D:7      | Reached skill level 8 in Ice Magic
  8871 | D:7      | Reached * piety under Sif Muna
  9296 | D:7      | Found a sparkling altar of Nemelex Xobeh.
  9395 | D:7      | Found a stormy altar of Qazlal.
  9414 | D:7      | Found a blossoming altar of Fedhas.
  9623 | D:7      | Identified the +1 robe of Context {rN+}
  9764 | D:7      | Identified 2 scrolls of acquirement
  9765 | D:7      | Acquired 489 gold pieces
  9767 | D:7      | Acquired an amulet of reflection
  9990 | D:7      | Identified the +2 short sword of Chance {elec, Dex+6}
 10098 | D:8      | Reached skill level 5 in Invocations
 10414 | D:8      | Found an iron altar of Okawaru.
 10613 | D:8      | Found a shadowy altar of Dithmenos.
 10716 | D:8      | Found an opulent altar of Gozag.
 10858 | D:8      | Reached ** piety under Sif Muna
 10859 | D:8      | Reached XP level 10. HP: 19/73 MP: 9/20
 11150 | D:8      | Noticed Maggie
 11163 | D:8      | Killed Maggie
 11164 | D:8      | Reached skill level 5 in Fighting
 11164 | D:8      | Reached skill level 5 in Short Blades
 11164 | D:8      | Reached skill level 5 in Long Blades
 11164 | D:8      | Reached skill level 5 in Axes
 11164 | D:8      | Reached skill level 5 in Maces & Flails
 11164 | D:8      | Reached skill level 5 in Polearms
 11164 | D:8      | Reached skill level 5 in Staves
 11164 | D:8      | Reached skill level 5 in Slings
 11164 | D:8      | Reached skill level 5 in Bows
 11164 | D:8      | Reached skill level 5 in Crossbows
 11164 | D:8      | Reached skill level 5 in Throwing
 11164 | D:8      | Reached skill level 5 in Armour
 11164 | D:8      | Reached skill level 5 in Shields
 11164 | D:8      | Reached skill level 5 in Unarmed Combat
 11164 | D:8      | Reached skill level 5 in Evocations
 11677 | D:8      | Slain by an orc warrior

Illustrated notes

Levels and vault maps discovered:
D:1:      evilmike_arrival_rings, layout_loops_corners, serial_shops, shop,
          nicolae_shop_waterfront, nicolae_shop_trees, shop, shop_fountains,
          kennysheep_nondescript, kennysheep_decorative_pillar
D:2:      layout_loops_ring, gammafunk_temple_overflow_elements, minmay_puff
D:3:      layout_loops_ring, general_overflow_altar, marbit_many_paths
D:4:      layout_rooms, nicolae_uskayaw_murder_on_the_dancefloor,
          minmay_temple_entry_trees, serial_shops, shop,
          uniq_crazy_yiuf_cottage, uniq_ijyb
D:5:      layout_basic, nicolae_ossuary_entry_false_entrances,
          ebering_ghost_rock_garden, chequers_avenue
D:6:      layout_basic, led_sif_book, serial_shops, nicolae_shop_trees,
          roderic_batcave, hangedman_decor_lopped
D:7:      layout_gridville, fedhas_altar_2, kennysheep_mini,
          nicolae_qazlal_general_emergency, uniq_menkaure
D:8:      layout_basic, grunt_gozag_statues, lemuel_round_altar,
          kennysheep_okawaru_gauntlet, uniq_maggie
Temple:   dpeg_chambers_temple

Skill      XL: |  1  2  3  4  5  6  7  8  9 10 |
---------------+-------------------------------+-----
Spellcasting   | 5 6 7 |  7.2
Invocations    | 1 2 3 4 5 |  5.5
Fighting       | 1 2 3 4 5 |  5.0
Short Blades   | 1 2 3 4 5 |  5.0
Long Blades    | 1 2 3 4 5 |  5.0
Axes           | 1 2 3 4 5 |  5.0
Maces & Flails | 1 2 3 4 5 |  5.0
Polearms       | 1 2 3 4 5 |  5.0
Staves         | 1 2 3 4 5 |  5.0
Slings         | 1 2 3 4 5 |  5.0
Bows           | 1 2 3 4 5 |  5.0
Crossbows      | 1 2 3 4 5 |  5.0
Throwing       | 1 2 3 4 5 |  5.0
Armour         | 1 2 3 4 5 |  5.0
Shields        | 1 2 3 4 5 |  5.0
Unarmed Combat | 1 2 3 4 5 |  5.0
Evocations     | 1 2 3 4 5 |  5.0
Conjurations   | 1 2 3 4 |  4.1
Hexes          | 1 2 3 4 |  4.1
Summonings     | 1 2 3 4 |  4.1
Necromancy     | 1 2 3 4 |  4.1
Translocations | 1 2 3 4 |  4.1
Transmutations | 1 2 3 4 |  4.1
Fire Magic     | 1 2 3 4 |  4.1
Air Magic      | 1 2 3 4 |  4.1
Earth Magic    | 1 2 3 4 |  4.1
Poison Magic   | 1 2 3 4 |  4.1
Dodging        | 5 6 |  6.9
Stealth        | 5 6 |  6.6
Ice Magic      | 8 |  8.3

Action                   |  1- 3 |  4- 6 |  7- 9 | 10-12 || total
-------------------------+-------+-------+-------+-------++-------
Melee: Unarmed           |    45 |       |       |       ||    45
       Bite              |     3 |     5 |    22 |     2 ||    32
       Halberd           |       |    74 |   153 |       ||   227
       Dagger            |       |    44 |     3 |       ||    47
       Falchion          |       |       |   133 |    24 ||   157
       Punch             |       |       |     5 |       ||     5
 Cast: Freeze            |    32 |    22 |       |       ||    54
       Frozen Ramparts   |     4 |    22 |    15 |     2 ||    43
       Summon Ice Beast  |       |       |    43 |       ||    43
       Ozocubu's Armour  |       |       |     4 |     2 ||     6
       Hailstorm         |       |       |    13 |       ||    13
 Abil: Evoke Berserk Rag |       |       |     4 |       ||     4
  Use: Scroll            |       |       |    16 |       ||    16
       Potion            |       |       |     3 |       ||     3
 Stab: Sleeping          |     6 |     6 |     8 |       ||    20
       Distracted        |       |       |     1 |       ||     1
Armor: Robe              |    16 |    26 |    71 |     1 ||   114
Dodge: Dodged            |    68 |   101 |   276 |    10 ||   455
Block: Other             |       |       |    12 |     5 ||    17
       Rpst.: Falchion   |       |       |    49 |     4 ||    53

Table legend: (Time is in decaauts)
 A = Elapsed time spent in this place.
 B = Non-inter-level travel time spent in this place.
 C = Inter-level travel time spent in this place.
 D = Time resting spent in this place.
 E = Time spent auto-exploring this place.
 F = Levels seen in this place.
 G = Mean time per level.
                   A        B        C        D        E       F      G
               +--------+--------+--------+--------+--------+-----+--------+
         Total |  11826 |  11527 |    299 |   1435 |   8231 |  10 | 1182.6 |
       Dungeon |   9915 |   9626 |    289 |    750 |   7415 |   8 | 1239.4 |
        Temple |    208 |    198 |     10 |      0 |    198 |   1 |  208.0 |
       Ossuary |   1702 |   1702 |      0 |    685 |    618 |   1 | 1702.0 |
               +--------+--------+--------+--------+--------+-----+--------+

Top non-repeatable levels by time:
 Ossuary: 1702 daAuts
     D:8: 1651 daAuts
     D:2: 1442 daAuts
     D:1: 1425 daAuts
     D:7: 1371 daAuts
     D:4: 1116 daAuts
     D:6: 1051 daAuts
     D:3: 1037 daAuts
     D:5: 820 daAuts
  Temple: 208 daAuts
